Get step-by-step instructions on how to execute this build order below. Start the game timer, and the build order will tick by so you can play in parallel with StarCraft on a second screen or mobile device.

Game Time

  0:00

Last Step

  N/A

Next Step

  12  0:00  Drone  

Upcoming Step

  13  0:12  Overlord  

Don't want to look back and forth between 2 screens? Try out our Overwolf App, the Spawning Tool Build Advisor to get an in-game overlay with this build!

Complete Build Order

  12  0:00  Drone  
  13  0:12  Overlord  
  13  0:18  Drone  
  14  0:31  Drone  
  14  0:33  Drone  
  16  0:42  Spawning Pool  
  15  0:45  Drone  
  15  0:49  Drone  
  17  0:52  Extractor  
  17  0:56  Drone  
  17  1:06  Overlord  
  17  1:31  Zergling x2, Queen  
  20  1:38  Drone  
  20  1:39  Roach Warren  
  20  1:40  Extractor  
  19  1:49  Zergling x2  
  19  1:50  Drone  
  21  2:00  Drone  
  22  2:10  Overlord  
  22  2:21  Lair  
  22  2:22  Roach  
  24  2:39  Roach  
  26  2:53  Overlord  
  26  2:57  Roach  
  28  3:15  Roach  
  30  3:23  Drone  
  31  3:27  Drone  
  31  3:33  Roach  
  34  3:35  Hydralisk Den  
  34  3:41  Drone  
  34  3:47  Overlord  
  34  3:53  Drone  
  35  3:58  Drone  
  35  4:02  Drone  
  37  4:05  Hydralisk  
  37  4:08  Drone  
  40  4:15  Baneling Nest  
  39  4:17  Drone  
  39  4:22  Hydralisk  
  42  4:24  Evolution Chamber  
  42  4:26  Drone  
  42  4:40  Hydralisk  
  44  6:55  Overseer  
  44  6:56  Overlord, Overseer, Roach, Queen  
  44  6:57  Spore Crawler, Overlord  
  44  6:58  Drone  
  44  6:59  Spore Crawler  
  44  7:00  Drone  
  47  7:01  Infestation Pit  
  47  7:02  Spire  
  47  7:03  Drone  
  47  7:05  Evolution Chamber  
  47  7:06  Hatchery, Drone  
  47  7:07  Hydralisk  
  46  7:09  Drone  
  46  7:12  Drone  
  48  7:19  Zergling x2  
  49  7:23  Spine Crawler  
  49  7:24  Drone  
  49  7:25  Spine Crawler  
  49  7:26  Drone  
  49  7:45  Roach  
  45  7:57  Roach  
  37  8:08  Roach  
  39  8:19  Roach  
  42  8:20  Queen, Drone  
  42  8:21  Spore Crawler  
  42  8:22  Drone  
  42  8:23  Spore Crawler  
  42  8:24  Spore Crawler  
  42  8:25  Drone  
  43  8:28  Drone  
  43  8:31  Roach, Drone  
  48  8:34  Drone  
  48  8:37  Drone  
  48  8:40  Drone  
  50  8:42  Hydralisk  
  50  8:43  Drone  
  50  8:45  Drone  
  50  8:47  Spine Crawler  
  53  8:48  Drone  
  53  8:49  Spine Crawler  
  53  8:52  Drone  
  53  8:53  Hydralisk  
  53  8:55  Drone  
  57  8:58  Drone  
  57  9:00  Drone  
  59  9:04  Drone  
  59  9:07  Drone  
  61  9:14  Drone  
  62  9:18  Drone  
  62  9:20  Hydralisk  
  62  9:21  Drone  
  62  9:23  Overlord, Overseer  
  66  9:25  Overlord  
  66  10:22  Extractor  
  66  10:23  Drone  
  66  10:27  Extractor  
  65  10:46  Drone  
  65  10:49  Drone  
  67  10:52  Drone  
  67  10:54  Drone  
  69  10:57  Drone  
  70  11:16  Infestor  
  70  11:17  Pneumatized Carapace  
  72  11:19  Overlord x2, Overseer  
  72  11:20  Zerg Melee Weapons Level 1, Zerg Ground Armor Level 1  
  72  11:21  Burrow  
  72  11:22  Overseer  
  72  11:24  Roach  
  74  11:26  Hatchery  
  74  11:31  Roach  
  75  11:38  Overlord  
  75  11:39  Roach  
  77  11:46  Roach  
  79  11:53  Hydralisk  
  80  12:00  Hydralisk  
  66  12:02  Hive  
  66  12:07  Infestor  
  66  12:08  Drone  
  60  12:11  Drone  
  60  12:14  Drone  
  60  12:15  Zergling x2  
  59  12:17  Drone  
  59  12:20  Drone  
  59  12:22  Roach  
  61  12:23  Drone  
  61  12:29  Roach  
  64  12:37  Roach  
  66  12:39  Queen, Drone  
  66  12:42  Drone  
  66  12:44  Roach  
  72  12:45  Drone  
  72  12:48  Drone  
  72  12:49  Extractor  
  72  12:50  Hydralisk, Drone  
  59  12:56  Spore Crawler, Overseer  
  59  12:57  Hydralisk  
  59  12:58  Spore Crawler, Overlord  
  53  13:03  Drone  
  45  13:05  Roach  
  45  13:06  Drone  
  45  13:12  Hydralisk, Drone  
  45  13:14  Zerg Missile Weapons Level 1  
  45  13:15  Drone  
  45  13:18  Drone  
  45  13:19  Ultralisk Cavern, Greater Spire  
  39  13:20  Roach  
  39  13:21  Drone  
  39  13:26  Overlord  
  39  13:27  Hydralisk  
  37  13:29  Drone  
  37  13:32  Drone  
  35  13:34  Roach  
  35  13:36  Drone  
  35  13:41  Infestor  
  31  13:49  Roach  
  30  13:56  Roach  
  30  14:03  Zergling x2  
  31  14:10  Roach  
  31  14:14  Overlord  
  31  14:16  Drone  
  32  14:17  Roach  
  32  14:20  Drone  
  33  14:24  Hydralisk  
  33  14:25  Drone  
  33  14:29  Drone  
  34  14:32  Overseer  
  34  14:36  Zergling x2  
  33  14:43  Roach  
  33  14:50  Roach  
  35  14:57  Roach  
  37  15:03  Overseer  
  37  15:04  Roach  
  36  15:08  Overlord  
  36  15:11  Roach  
  36  15:18  Hydralisk  
  36  15:26  Zergling x2  
  33  15:29  Overseer  
  33  15:33  Roach  
  33  15:40  Roach  
  33  15:42  Overlord  
  31  15:48  Queen  
  31  15:49  Roach  
  32  15:59  Roach  
  32  16:01  Evolution Chamber  
  28  16:05  Overseer  
  28  16:08  Corruptor  
  24  16:29  Overlord  
  24  16:32  Overseer  
  20  16:55  Overlord  
  19  17:02  Spawning Pool  
  14  17:44  Overlord  
  14  17:45  Extractor  
  12  17:53  Drone  
  12  17:57  Drone